 Dungeon Crawl Stone Soup version 0.17-a0-1674-g2b13139 (webtiles) character file.

349 abixa the Ruffian (level 6, -8/37 HPs)
             Began as a Gargoyle Fighter on Aug 18, 2015.
             Mangled by an orc warrior
             ... wielding a +0 battleaxe
              (19 damage)
             ... on level 3 of the Dungeon.
             The game lasted 00:09:52 (2359 turns).

abixa the Ruffian (Gargoyle Fighter)                Turns: 2359, Time: 00:09:52

Health: -8/37      AC: 14    Str: 20    XL:     6   Next: 60%
Magic:  6/6        EV:  7    Int: 10    God:
Gold:   153        SH:  9    Dex:  9    Spells: 0 memorised, 5 levels left

rFire  . . .     SeeInvis +       - Unarmed
rCold  . . .     Clarity  .     a - +0 scale mail
rNeg   + . .     SustAt   .     b - +0 shield
rPois  ∞         Gourm    .     y - +0 helmet
rElec  +         Spirit   .     s - +0 cloak
rCorr  .         Warding  .     (no gloves)
rMut   .         Stasis   .     k - +0 pair of boots
MR     .....                    (no amulet)
Stlth  ..........               (no ring)
                                t - ring of see invisible

@: not resistant to hostile enchantments, extremely unstealthy
A: negative energy resistance 1, electricity resistance, unbreathing,
petrification resistance, rot immunity, AC +4
a: no special abilities


You were on level 3 of the Dungeon.
You were not hungry.

You visited 1 branch of the dungeon, and saw 4 of its levels.

You collected 153 gold pieces.

Inventory:

Hand weapons
 n - a +0 dagger of venom
 v - a +0 halberd
Missiles
 e - 42 bolts
 f - 105 stones (quivered)
 l - 20 bolts of frost
 p - 16 poisoned needles
 x - 17 sling bullets
 C - 29 arrows
Armour
 a - a +0 scale mail (worn)
 b - a +0 shield (worn)
 k - a +0 pair of boots (worn)
 s - a +0 cloak (worn)
 y - a +0 helmet (worn)
Jewellery
 t - a ring of see invisible (left hand)
Scrolls
 g - a scroll of noise {unknown}
 i - 4 scrolls of remove curse {unknown}
 m - a scroll of fog {unknown}
 A - a scroll of magic mapping {unknown}
 D - a scroll of blinking {unknown}
 E - a scroll of identify {unknown}
Potions
 c - a potion of might
 h - a potion of mutation {unknown}
 j - 3 potions of flight {unknown}
 w - a potion of lignification {unknown}
 z - a potion of agility {unknown}
 B - 4 potions of poison {unknown}
 F - a potion of brilliance {unknown}
Comestibles
 d - 2 bread rations
 o - 4 meat rations
 q - a beef jerky
 r - 2 royal jellies
 u - 4 fruits


   Skills:
 - Level 3.2 Fighting
 - Level 3.2 Armour
 - Level 3.2 Shields
 + Level 6.8 Unarmed Combat


You had 5 spell levels left.
You didn't know any spells.

Dungeon Overview and Level Annotations

Branches:
Dungeon (4/15)
 Temple: D:4-7

Altars:

Annotations:
D:4 Pikel


Innate Abilities, Weirdness & Mutations

You are resistant to torment.
Your stone body is resilient (AC +4).
You are immune to poison.
You resist negative energy.
You are resistant to electric shocks.
You can survive without breathing.
You are immune to petrification.
You are immune to rotting.


Message History

The orc warrior hits you with a battleaxe.
You hit the orc warrior.
The orc warrior is heavily wounded.
You hit the orc warrior but do no damage.
The orc warrior is heavily wounded.
The orc warrior hits you with a battleaxe!
* * * LOW HITPOINT WARNING * * *
You hit the orc warrior but do no damage.
The orc warrior is heavily wounded.
The orc warrior barely misses you.
You hit the orc warrior.
The orc warrior is severely wounded.
You barely miss the orc warrior.
The orc warrior is severely wounded.
You block the orc warrior's attack.
You closely miss the orc warrior.
The orc warrior is severely wounded.
The orc warrior hits you with a battleaxe!!
Ouch! That really hurt!
You die...

###### #....# #....#
#....# ##....##
#......# #......#
##....## ##### ##.<..#
#@..# ##.....# ##o..#
.......# #####...##
###.####
#.....#.######## #.#
###.###..........## #.#
####...##............##
#.#
#....###...)..........#
#.###.####
#...>..........#
#.##..#
#..............#


You could see an orc warrior.

Vanquished Creatures
  The ghost of PeterLawrence the Cudgeler, an average MiFi (D:3)
  An ogre (D:4)
  An orc wizard (D:3)
  A worker ant (D:2)
  Robin (D:3)
  2 adders
  3 gnolls
  An ooze (D:3)
  3 worms (D:2)
  2 giant geckos
  2 orcs (D:4)
  3 bats
  5 giant cockroaches
  8 hobgoblins
  7 jackals
  A ball python (D:1)
  3 giant newts
  9 goblins
  9 kobolds
  A quokka (D:2)
  7 rats
71 creatures vanquished.

Vanquished Creatures (others)
  A quokka (D:4)
1 creature vanquished.

Grand Total: 72 creatures vanquished

Notes
Turn   | Place    | Note
--------------------------------------------------------------
     0 | D:1      | abixa the Gargoyle Fighter began the quest for the Orb.
     0 | D:1      | Reached XP level 1. HP: 14/14 MP: 1/1
   109 | D:1      | Reached XP level 2. HP: 14/19 MP: 2/2
   634 | D:2      | Reached XP level 3. HP: 23/23 MP: 3/3
  1044 | D:2      | Reached skill level 4 in Unarmed Combat
  1068 | D:1      | Reached XP level 4. HP: 25/28 MP: 4/4
  1345 | D:3      | Noticed PeterLawrence's ghost (average MiFi)
  1466 | D:3      | Reached skill level 5 in Unarmed Combat
  1466 | D:3      | Reached XP level 5. HP: 32/32 MP: 5/5
  1869 | D:3      | Killed PeterLawrence's ghost
  1869 | D:3      | Reached skill level 6 in Unarmed Combat
  2007 | D:4      | Noticed Robin
  2032 | D:3      | Reached XP level 6. HP: 23/37 MP: 6/6
  2042 | D:3      | Killed Robin
  2173 | D:4      | Noticed an ogre
  2181 | D:4      | Killed an ogre
  2224 | D:4      | Noticed an orc warrior
  2250 | D:4      | Noticed Pikel
  2250 | D:4      | Noticed a slave
  2359 | D:3      | Mangled by an orc warrior

Vault maps used:
D:1:      mrwooster_arrival_statue_2, minmay_misc_feat_alley,
          serial_bayou_pond_d
D:3:      minivault_14
D:4:      elyvilon_altar_4, uniq_duvessa, uniq_robin, uniq_pikel

Action                   |  1- 3 |  4- 6 || total
-------------------------+-------+-------++-------
Melee: Unarmed           |   186 |   209 ||   395
  Eat: Chunk             |     1 |     4 ||     5
